General information
- name: BNet
- type: Ladder team game (AT/RT)
- host: Battle.net
- saver: CombatBasktball
map: TwilightRuins
- players: 8
- length: 42:48
- speed: Fast
- version: 1.28 W3XP
- replay type: Public
» download(299 KB)
Players
team 1 (loser)
HIXUM (
teal | 12 APM | 525 actions | 42:44)
2 Dreadlord
1 Vampiric Aura
1 Sleep
» actions
| Basic commands | 2 | |
| Build / train | 28 | |
| Enter build submenu | 7 | |
| Enter hero's abilities submenu | 2 | |
| Give item / drop item | 1 | |
| Right click | 270 | |
| Select / deselect | 184 | |
| Use ability | 31 | |
525 total
» units
» buildings
| Crypt | 2 | |
| Ziggurat | 3 | |
| Altar of Darkness | 1 | |
| Tomb of Relics | 1 | |
7 total
» build order
00:20 Crypt
00:23 Crypt
00:42 Ziggurat
01:03 Altar of Darkness
01:32 Ziggurat
02:14 Ziggurat
02:48 Tomb of Relics
» items
| Rod of Necromancy | 1 | |
| Potion of Invulnerability | 1 | |
2 total
BROWN-BAG (
yellow | 48 APM | 2031 actions | 42:44)
5 Blademaster
3 Wind Walk
2 Critical Strike
» actions
| Assign group hotkey | 16 | |
| Basic commands | 144 | |
| Build / train | 59 | |
| Enter build submenu | 29 | |
| Enter hero's abilities submenu | 5 | |
| Give item / drop item | 7 | |
| Remove unit from queue | 3 | |
| Right click | 736 | |
| Select / deselect | 236 | |
| Select group hotkey | 629 | |
| Use ability | 166 | |
2031 total
» units
| Peon | 11 | |
| Goblin Shredder | 2 | |
| Troll Batrider | 4 | |
| Wind Rider | 5 | |
| Goblin Sapper | 6 | |
28 total
» upgrades
| Ranged Weapons | 2 | |
| Reinforced Defenses | 1 | |
| Liquid Fire | 1 | |
| Armor | 2 | |
| Ensnare | 1 | |
7 total
» buildings
| Altar of Storms | 1 | |
| Orc Burrow | 6 | |
| Voodoo Lounge | 1 | |
| Stronghold | 3 | |
| War Mill | 1 | |
| Great Hall | 2 | |
| Watch Tower | 33 | |
| Fortress | 3 | |
| Beastiary | 4 | |
54 total
» build order
00:07 Altar of Storms
00:19 Orc Burrow
00:56 Voodoo Lounge
02:07 Stronghold
02:33 Orc Burrow
02:34 Orc Burrow
02:34 Orc Burrow
02:42 War Mill
03:42 Great Hall
05:30 Watch Tower
05:31 Watch Tower
05:31 Watch Tower
05:31 Watch Tower
05:40 Watch Tower
05:57 Fortress
05:57 Fortress
06:36 Beastiary
06:37 Beastiary
07:05 Watch Tower
07:08 Watch Tower
07:51 Watch Tower
08:25 Beastiary
09:01 Watch Tower
09:02 Watch Tower
09:03 Watch Tower
09:48 Watch Tower
09:50 Watch Tower
10:41 Watch Tower
10:42 Watch Tower
11:17 Watch Tower
11:18 Watch Tower
11:23 Watch Tower
12:05 Orc Burrow
12:08 Watch Tower
12:44 Watch Tower
12:44 Watch Tower
12:45 Watch Tower
12:45 Watch Tower
15:16 Orc Burrow
16:03 Watch Tower
16:03 Watch Tower
16:03 Watch Tower
16:15 Watch Tower
16:25 Watch Tower
17:10 Great Hall
17:12 Watch Tower
17:12 Watch Tower
17:48 Watch Tower
18:23 Watch Tower
18:23 Watch Tower
18:44 Beastiary
20:31 Stronghold
20:31 Stronghold
» items
| Healing Salve | 2 | |
| Lesser Clarity Potion | 1 | |
| Staff of Teleportation | 1 | |
| Orb of Lightning | 1 | |
| Potion of Healing | 1 | |
| Potion of Lesser Invulnerability | 1 | |
| Scroll of Town Portal | 2 | |
9 total

»
MichaelBtchNigr (
blue | 54 APM | 1460 actions | 26:58)
7 Mountain King
3 Storm Bolt
3 Bash
1 Avatar
7 Paladin
2 Holy Light
3 Devotion Aura
1 Divine Shield
1 Resurrection
» actions
| Assign group hotkey | 32 | |
| Basic commands | 78 | |
| Build / train | 93 | |
| Enter build submenu | 22 | |
| Enter hero's abilities submenu | 14 | |
| Give item / drop item | 3 | |
| Remove unit from queue | 1 | |
| Right click | 521 | |
| Select / deselect | 273 | |
| Select group hotkey | 327 | |
| Use ability | 95 | |
1460 total
» units
| Peasant | 14 | |
| Footman | 6 | |
| Dragonhawk Rider | 2 | |
| Rifleman | 2 | |
| Gryphon Rider | 15 | |
39 total
» upgrades
| Masonry | 2 | |
| Lumber Harvesting | 1 | |
| Swords | 3 | |
| Armor | 2 | |
| Storm Hammers | 1 | |
| Animal War Training | 1 | |
10 total
» buildings
| Altar of Kings | 1 | |
| Farm | 10 | |
| Barracks | 1 | |
| Arcane Vault | 1 | |
| Lumber Mill | 1 | |
| Scout Tower | 2 | |
| Arcane Tower | 2 | |
| Guard Tower | 1 | |
| Blacksmith | 2 | |
| Keep | 1 | |
| Town Hall | 1 | |
| Gryphon Aviary | 2 | |
| Castle | 1 | |
26 total
» build order
00:06 Altar of Kings
00:07 Farm
00:48 Barracks
01:03 Farm
01:36 Arcane Vault
02:01 Farm
02:10 Lumber Mill
02:19 Scout Tower
02:22 Scout Tower
02:58 Arcane Tower
03:22 Guard Tower
03:25 Arcane Tower
03:42 Blacksmith
04:30 Keep
05:07 Farm
05:09 Farm
05:36 Town Hall
06:12 Blacksmith
07:52 Farm
07:53 Farm
07:58 Gryphon Aviary
09:06 Castle
09:41 Gryphon Aviary
11:27 Farm
12:39 Farm
14:52 Farm
» items
| Scroll of Regeneration | 6 | |
| Lesser Clarity Potion | 3 | |
| Potion of Healing | 3 | |
| Scroll of Town Portal | 8 | |
| Orb of Fire | 2 | |
22 total

»
Narb (
green | 50 APM | 1298 actions | 25:45)
8 Priestess of the Moon
3 Trueshot Aura
3 Searing Arrows
1 Starfall
1 Scout
» actions
| Assign group hotkey | 22 | |
| Basic commands | 136 | |
| Build / train | 89 | |
| Enter build submenu | 23 | |
| Enter hero's abilities submenu | 8 | |
| Give item / drop item | 5 | |
| Remove unit from queue | 1 | |
| Right click | 519 | |
| Select / deselect | 250 | |
| Select group hotkey | 207 | |
| Use ability | 38 | |
1298 total
» units
| Wisp | 21 | |
| Archer | 27 | |
| Hippogryph | 9 | |
57 total
» upgrades
| Strength of the Moon | 3 | |
| Moon Armor | 3 | |
| Improved Bows | 1 | |
| Marksmanship | 1 | |
| Hippogryph Taming | 1 | |
9 total
» buildings
| Altar of Elders | 1 | |
| Moon Well | 8 | |
| Ancient of War | 1 | |
| Hunter's Hall | 1 | |
| Tree of Ages | 1 | |
| Tree of Eternity | 1 | |
| Ancient Protector | 3 | |
| Tree of Life | 2 | |
| Ancient of Wind | 2 | |
| Ancient of Wonders | 1 | |
21 total
» build order
00:09 Altar of Elders
00:16 Moon Well
00:52 Ancient of War
01:34 Moon Well
02:16 Hunter's Hall
02:52 Moon Well
03:44 Tree of Ages
07:31 Tree of Eternity
08:51 Ancient Protector
08:54 Moon Well
08:59 Ancient Protector
09:49 Tree of Life
11:49 Ancient of Wind
11:54 Ancient of Wind
13:49 Ancient Protector
14:43 Ancient of Wonders
18:05 Moon Well
18:10 Moon Well
18:16 Moon Well
19:07 Tree of Life
24:58 Moon Well
» items
| Boots of Speed | 1 | |
| Scroll of Town Portal | 3 | |
| Potion of Healing | 2 | |
| Moonstone | 2 | |
| Orb of Venom | 1 | |
| Orb of Lightning | 1 | |
| Healing Salve | 1 | |
11 total
team 2 (winner)

»
quessuck (
red | 36 APM | 669 actions | 18:31)
5 Archmage
3 Summon Water Elemental
2 Brilliance Aura
» actions
| Assign group hotkey | 11 | |
| Basic commands | 10 | |
| Build / train | 61 | |
| Enter build submenu | 14 | |
| Enter hero's abilities submenu | 5 | |
| Right click | 256 | |
| Select / deselect | 191 | |
| Select group hotkey | 82 | |
| Use ability | 39 | |
669 total
» units
» upgrades
» buildings
| Altar of Kings | 1 | |
| Farm | 4 | |
| Barracks | 2 | |
| Scout Tower | 2 | |
| Arcane Tower | 1 | |
| Keep | 1 | |
| Arcane Vault | 1 | |
| Castle | 1 | |
| Lumber Mill | 1 | |
| Blacksmith | 1 | |
| Town Hall | 1 | |
16 total
» build order
00:05 Altar of Kings
00:09 Farm
00:16 Barracks
00:42 Scout Tower
01:38 Arcane Tower
01:55 Farm
02:25 Farm
03:42 Keep
03:52 Farm
04:06 Arcane Vault
11:08 Castle
11:47 Scout Tower
12:15 Lumber Mill
12:22 Blacksmith
13:04 Barracks
16:48 Town Hall
» items
| Scroll of Regeneration | 1 | |
| Scroll of Town Portal | 1 | |
2 total
CombatBasktball (
orange | 58 APM | 2467 actions | 42:48)
9 Archmage
3 Summon Water Elemental
3 Brilliance Aura
1 Mass Teleport
2 Blizzard
3 Far Seer
2 Feral Spirit
1 Earth Quake
» actions
| Assign group hotkey | 144 | |
| Basic commands | 78 | |
| Build / train | 102 | |
| Enter build submenu | 55 | |
| Enter hero's abilities submenu | 13 | |
| Give item / drop item | 4 | |
| Remove unit from queue | 1 | |
| Right click | 889 | |
| Select / deselect | 536 | |
| Select group hotkey | 406 | |
| Use ability | 239 | |
2467 total
» units
| Peasant | 15 | |
| Footman | 4 | |
| Goblin Shredder | 2 | |
| Gryphon Rider | 6 | |
| Goblin Zeppelin | 1 | |
| Goblin Sapper | 2 | |
| Dragonhawk Rider | 10 | |
| Peon | 5 | |
45 total
» upgrades
| Masonry | 3 | |
| Swords | 3 | |
| Armor | 3 | |
| Animal War Training | 1 | |
| Storm Hammers | 1 | |
| Cloud | 1 | |
12 total
» buildings
| Altar of Kings | 1 | |
| Barracks | 1 | |
| Farm | 13 | |
| Scout Tower | 19 | |
| Arcane Tower | 2 | |
| Keep | 1 | |
| Lumber Mill | 1 | |
| Town Hall | 5 | |
| Arcane Vault | 2 | |
| Castle | 1 | |
| Guard Tower | 7 | |
| Gryphon Aviary | 5 | |
| Blacksmith | 2 | |
| Great Hall | 1 | |
| Watch Tower | 4 | |
65 total
» build order
00:46 Altar of Kings
00:49 Barracks
00:52 Farm
00:53 Farm
01:04 Farm
01:36 Farm
02:22 Scout Tower
03:08 Arcane Tower
03:38 Keep
03:56 Lumber Mill
04:22 Town Hall
04:24 Scout Tower
04:24 Scout Tower
04:25 Scout Tower
04:25 Scout Tower
06:22 Farm
06:42 Arcane Vault
06:45 Scout Tower
06:46 Scout Tower
07:09 Scout Tower
07:09 Scout Tower
07:12 Scout Tower
07:13 Scout Tower
07:14 Scout Tower
07:17 Castle
07:20 Guard Tower
07:21 Arcane Tower
07:28 Guard Tower
07:29 Guard Tower
08:04 Guard Tower
08:05 Guard Tower
08:40 Gryphon Aviary
08:40 Gryphon Aviary
08:42 Gryphon Aviary
08:52 Guard Tower
09:11 Gryphon Aviary
09:15 Gryphon Aviary
09:26 Blacksmith
09:39 Farm
09:45 Blacksmith
13:44 Scout Tower
13:48 Scout Tower
13:48 Scout Tower
13:49 Scout Tower
13:49 Scout Tower
13:49 Scout Tower
13:53 Scout Tower
14:03 Arcane Vault
17:52 Farm
17:52 Farm
18:18 Farm
18:40 Farm
18:42 Farm
18:46 Farm
19:33 Farm
19:47 Guard Tower
27:59 Town Hall
29:10 Town Hall
38:18 Town Hall
38:22 Town Hall
40:41 Great Hall
41:38 Watch Tower
41:38 Watch Tower
41:39 Watch Tower
41:39 Watch Tower
» items
| Scroll of Regeneration | 4 | |
| Mechanical Critter | 4 | |
| Scroll of Town Portal | 4 | |
| Periapt of Vitality | 2 | |
| Potion of Lesser Invulnerability | 1 | |
| Potion of Healing | 4 | |
| Staff of Sanctuary | 1 | |
20 total
ThAi-GiRL (
pink | 35 APM | 710 actions | 20:05)
4 Far Seer
2 Feral Spirit
2 Chain Lighting
3 Tauren Chieftain
1 War Stomp
2 Endurance Aura
» actions
| Assign group hotkey | 7 | |
| Basic commands | 3 | |
| Build / train | 48 | |
| Enter build submenu | 15 | |
| Enter hero's abilities submenu | 7 | |
| Give item / drop item | 3 | |
| Right click | 392 | |
| Select / deselect | 201 | |
| Use ability | 34 | |
710 total
» units
| Peon | 8 | |
| Giant Sea Turtle | 1 | |
| Wind Rider | 13 | |
| Shaman | 4 | |
| Troll Batrider | 1 | |
27 total
» upgrades
| Shaman Training | 2 | |
| Envenomed Spears | 1 | |
| Ranged Weapons | 2 | |
| Armor | 1 | |
6 total
» buildings
| Altar of Storms | 1 | |
| Orc Burrow | 7 | |
| War Mill | 1 | |
| Stronghold | 1 | |
| Voodoo Lounge | 1 | |
| Fortress | 1 | |
| Spirit Lodge | 1 | |
| Beastiary | 3 | |
16 total
» build order
00:18 Altar of Storms
00:29 Orc Burrow
01:23 War Mill
03:07 Stronghold
03:10 Orc Burrow
04:36 Voodoo Lounge
05:36 Fortress
05:39 Spirit Lodge
05:44 Beastiary
05:46 Beastiary
06:19 Beastiary
07:17 Orc Burrow
07:37 Orc Burrow
09:45 Orc Burrow
14:16 Orc Burrow
14:55 Orc Burrow
» items
| Scroll of Town Portal | 1 | |
| Potion of Healing | 3 | |
4 total

»
texas (
purple | 34 APM | 674 actions | 20:01)
4 Far Seer
2 Feral Spirit
2 Chain Lighting
2 Tauren Chieftain
1 Endurance Aura
1 War Stomp
2 Blademaster
1 Wind Walk
1 Mirror Image
» actions
| Build / train | 83 | |
| Enter build submenu | 19 | |
| Enter hero's abilities submenu | 8 | |
| Give item / drop item | 3 | |
| Remove unit from queue | 2 | |
| Right click | 238 | |
| Select / deselect | 268 | |
| Use ability | 53 | |
674 total
» units
| Peon | 14 | |
| Grunt | 5 | |
| Raider | 12 | |
| Shaman | 11 | |
| Demolisher | 4 | |
| Tauren | 7 | |
53 total
» upgrades
| Spiked Barricades | 1 | |
| Ensnare | 1 | |
| Shaman Training | 2 | |
| Burning Oil | 1 | |
| Pulverize | 1 | |
6 total
» buildings
| Altar of Storms | 1 | |
| Barracks | 1 | |
| Orc Burrow | 8 | |
| War Mill | 1 | |
| Great Hall | 2 | |
| Voodoo Lounge | 1 | |
| Stronghold | 1 | |
| Fortress | 1 | |
| Beastiary | 1 | |
| Spirit Lodge | 1 | |
| Tauren Totem | 1 | |
19 total
» build order
00:08 Altar of Storms
00:13 Barracks
00:20 Orc Burrow
01:25 War Mill
02:02 Orc Burrow
03:39 Great Hall
04:02 Voodoo Lounge
04:23 Orc Burrow
04:58 Stronghold
07:22 Fortress
07:25 Beastiary
07:32 Spirit Lodge
08:33 Orc Burrow
09:11 Orc Burrow
09:37 Orc Burrow
10:40 Tauren Totem
10:49 Orc Burrow
11:58 Orc Burrow
13:49 Great Hall
» items
| Gloves of Haste | 1 | |
| Ring of Protection +2 | 1 | |
| Healing Salve | 2 | |
| Lesser Clarity Potion | 1 | |
| Scroll of Speed | 1 | |
| Boots of Speed | 1 | |
| Potion of Lesser Invulnerability | 1 | |
| Scroll of Regeneration | 1 | |
| Potion of Healing | 1 | |
10 total
Chat log
(00:22 / All) ThAi-GiRL: TURNIN HEADS
(00:25 / Allies) ThAi-GiRL: puttin on my ABN
(00:26 / Allies) ThAi-GiRL: sorry
(00:31 / Allies) texas: lol
(00:34 / Allies) ThAi-GiRL: lololol
(00:36 / Allies) ThAi-GiRL: my zro
(00:39 / Allies) ThAi-GiRL: and trae
(00:44 / Allies) ThAi-GiRL: ^^
(00:49 / Allies) ThAi-GiRL: lets do this
(00:51 / Allies) ThAi-GiRL: texas bro
(00:55 / Allies) ThAi-GiRL: im stoned
(01:05 / Allies) ThAi-GiRL: dude
(01:09 / Allies) ThAi-GiRL: i got a long term girl
(01:12 / Allies) ThAi-GiRL: now
(01:14 / Allies) ThAi-GiRL: that i chat with
(01:18 / Allies) ThAi-GiRL: from filipines
(01:32 / Allies) CombatBasktball: r u a thai girl or do u just like thais
(01:45 / All) ThAi-GiRL: i like thais
(01:52 / All) ThAi-GiRL: im a guy
(01:55 / All) HIXUM: bend over lanky
(02:01 / Allies) ThAi-GiRL: i use 2 play basketball
(02:06 / Allies) ThAi-GiRL: for my highschool
(02:06 / All) Narb: the ones with the wangs
(02:08 / Allies) CombatBasktball: if you're a 4/10 white guy you can go to thailand
(02:12 / Allies) ThAi-GiRL: royal vale dragons"
(02:17 / Allies) CombatBasktball: and get the god treatment
(02:22 / Allies) texas: lol
(02:39 / Allies) ThAi-GiRL: im not 4/10
(02:43 / Allies) ThAi-GiRL: im hot
(02:53 / Allies) ThAi-GiRL: im into filipinas
(02:58 / Allies) ThAi-GiRL: id fly them in fuckthem
(03:25 / Allies) ThAi-GiRL: even tho the record label aint payed me my bread
(06:29 / Allies) ThAi-GiRL: get a shop
(06:31 / Allies) ThAi-GiRL: bakset
(06:48 / Allies) quessuck: gold please
(06:57 / Allies) quessuck: ty
(07:21 / Allies) ThAi-GiRL: still hood
(07:23 / Allies) ThAi-GiRL: still payed
(07:26 / Allies) ThAi-GiRL: still throwed
(07:29 / Allies) ThAi-GiRL: still gangsta
(07:35 / Allies) texas: still a g
(07:38 / Allies) texas: dont blame me
(07:38 / Allies) CombatBasktball: lumbers
(07:46 / Allies) ThAi-GiRL: ull see
(07:50 / Allies) ThAi-GiRL: ass hoes by nature
(07:59 / Allies) CombatBasktball: I need wood
(08:26 / Allies) CombatBasktball: wood
(08:46 / All) ThAi-GiRL: dont come around cuz id ont need another bad ass wit a trick up his sleeve
(09:05 / Allies) ThAi-GiRL: i remember when u niggas aint want me to hit the weed
(09:15 / Allies) ThAi-GiRL: now that im big u see me u tell me to hit the weed
(09:21 / Allies) ThAi-GiRL: fuck showin love i aint showin none
(09:31 / Allies) ThAi-GiRL: open up and jus blaze
(10:24 / Allies) texas: lol
(10:33 / All) texas: Got that main easy lol
(10:48 / All) Narb: i think you hurt teals feelings purp
(10:51 / All) BROWN-BAG: he has been whining all game
(12:44 / All) ThAi-GiRL: LEAVE ME LONELY LIKE U DID LAST TIME
(12:47 / All) ThAi-GiRL: I CAN DO BAD ON MY OWN
(12:56 / All) Narb: yes daddi
(13:03 / All) ThAi-GiRL: and hoes dont call my celular phone
(13:48 / All) ThAi-GiRL: why yall niggas wanna rob wanna steal that aint real wanna kick it wit me u get killed i done seen alot of blood on the
(14:34 / Allies) ThAi-GiRL: texas i added u 2 friends
(16:46 / Allies) texas: wtf yall doing
(17:01 / Allies) CombatBasktball: my army was mostly dead
(17:05 / Allies) CombatBasktball: hurt I mean
(17:11 / Allies) CombatBasktball: by the time you got htere
(17:30 / Allies) texas: dont worry i ll keep feeding
(18:20 / Allies) texas: your on your own
(18:28 / Allies) CombatBasktball: why
(18:28 / All) BROWN-BAG: bad boy red
(18:31 / All) HIXUM: D
(18:32 / All) HIXUM: D
(18:32 / All) HIXUM: D
(19:12 / All) BROWN-BAG: truce purple dont hit me
(19:14 / All) BROWN-BAG: gave u bats
(19:16 / All) CombatBasktball: jesus
(19:22 / All) CombatBasktball: every 2 sec he lags for 5
(19:22 / Allies) ThAi-GiRL: jesus texas
(19:24 / All) HIXUM: D
(19:24 / All) HIXUM: D
(19:25 / All) MichaelBtchNigr: he laggin cause the flood
(19:32 / All) texas: LOL
(19:47 / All) texas: i have not yet begun to lag
(19:48 / All) HIXUM: D
(19:52 / All) texas: HAHA
(19:57 / All) HIXUM: D
(20:01 / All) HIXUM: D
(20:05 / All) CombatBasktball: thank god
(21:40 / All) BROWN-BAG: die niggers
(22:05 / All) BROWN-BAG: noob teammates
(22:06 / All) BROWN-BAG: i swear
(22:25 / All) BROWN-BAG: i bet u they blame me when that fight was a 2v2
(23:11 / All) BROWN-BAG: suk my dick teal
(23:21 / All) HIXUM: if only u had one
(23:26 / All) HIXUM: if only
(23:31 / All) Narb: wow you really got him there
(23:32 / All) HIXUM: u had and inch
(23:47 / All) HIXUM: i would suk it till it imploded
(23:50 / All) BROWN-BAG: what a comeback teal
(24:11 / All) CombatBasktball: raepd
(24:13 / All) HIXUM: i mean
(24:21 / All) HIXUM: thats how your mom taught me
(24:40 / All) BROWN-BAG: DIE RACIST
(25:23 / All) CombatBasktball: that green lol
(25:24 / All) BROWN-BAG: rawr
(25:27 / All) HIXUM: yellow is the kinda player who was going to do this no matter what i did
(25:50 / All) HIXUM: he is a professional troll
(25:52 / All) CombatBasktball: dat greed*
(26:29 / All) CombatBasktball: rape
(26:36 / All) CombatBasktball: rape
(27:01 / All) CombatBasktball: earthquaked
(27:24 / All) CombatBasktball: why'd you tk teal? get your feelings hurt by them previously?
(27:25 / All) BROWN-BAG: too much baby allies these days
(27:35 / All) BROWN-BAG: teal was ragequitting cuz he couldnt kill red with ghouls
(27:35 / All) CombatBasktball: what did teal throw a hissy fit over
(27:40 / All) CombatBasktball: lawl
(27:52 / All) CombatBasktball: saved purp hall with 2 hp
(27:53 / All) BROWN-BAG: even tehough i took out his bsase 2 min late rwith bats
(28:35 / All) BROWN-BAG: stupid teal
(28:37 / All) BROWN-BAG: out plz
(28:58 / All) HIXUM: do you never tire of being a nigger
(29:10 / All) HIXUM: making endless accounts
(29:15 / All) CombatBasktball: do you ever tire of being a jew
(29:22 / All) CombatBasktball: for you hymie
(29:25 / All) CombatBasktball: I'm black and I'm proud
(29:32 / All) HIXUM: i knew oj was a nazi
(29:35 / All) BROWN-BAG: we're pro's, teal. ain't no way of hiding from it
(29:37 / All) HIXUM: oj
(29:41 / All) CombatBasktball: O
(29:41 / All) HIXUM: u aint shit
(29:47 / All) CombatBasktball: I'm a proud black man, I'm a black panther
(29:50 / All) HIXUM: but u are a carried shit
(30:00 / All) CombatBasktball: You're racist adn you need to leave
(30:01 / All) CombatBasktball: jew
(30:03 / All) HIXUM: come to my house
(30:08 / All) BROWN-BAG: we do 2v6's and win 99.9% of the time. that is called being a pro
(30:12 / All) HIXUM: ill show u proud nigger
(30:14 / All) CombatBasktball: money grubbing kyke
(30:24 / All) HIXUM: ill kill u nigger
(30:30 / All) CombatBasktball: you keep some of them hood niggas around to fuck ur jew wife?
(30:35 / All) CombatBasktball: kyke
(30:46 / All) CombatBasktball: buy r jerseys u fat kyke
(30:55 / All) HIXUM: why would a black man hate a jew
(31:03 / All) HIXUM: you are both niggers
(31:08 / All) CombatBasktball: im next level woke
(31:17 / All) CombatBasktball: i know all about the jewish involvement in the slave trade
(31:27 / All) CombatBasktball: kykes are the enemies of every gentile
(31:34 / All) HIXUM: you dumb
(31:41 / All) CombatBasktball: im wise to the jew
(31:47 / All) CombatBasktball: UHURU
(31:51 / All) HIXUM: you are mislead
(31:53 / All) CombatBasktball: ur a khazar
(31:57 / All) CombatBasktball: im the real hebrew
(32:01 / All) CombatBasktball: my people are the real hebrews
(32:12 / All) HIXUM: hebrews are not from africa
(32:19 / All) CombatBasktball: ur a pretender from the caucasus
(32:23 / All) HIXUM: read that bible
(32:24 / All) CombatBasktball: UHURU
(32:33 / All) HIXUM: so ignorant
(32:37 / All) CombatBasktball: do u know how to tell when a jew be lyin?
(32:42 / All) CombatBasktball: check to see if his lips r movin
(33:02 / All) BROWN-BAG: 1 5 hp building left
(33:05 / All) HIXUM: when u meet jesus at judgement
(33:06 / All) CombatBasktball: jews are the enemies of all the peoples on the planet
(33:09 / All) BROWN-BAG: teal has but a few moments to repent
(33:18 / All) HIXUM: and your cast in to the lake of fire
(33:19 / All) CombatBasktball: hitler did nothing wrong the jews was robbin the germans
(33:31 / All) HIXUM: he hated blacks to
(33:35 / All) HIXUM: dummy
(33:36 / All) CombatBasktball: thats his prerogative
(33:49 / All) HIXUM: he was broiling you guys to
(33:52 / All) CombatBasktball: he keep his ass in europe i dont care
(33:56 / All) CombatBasktball: germans didn't have no slaves
(34:01 / All) HIXUM: he was comin for ya
(34:07 / All) HIXUM: you so dumb
(34:09 / All) CombatBasktball: jews kept the slave trade of antiquity up
(34:23 / All) CombatBasktball: the trans atlantic slave trade is the brain child of the jew
(34:28 / All) HIXUM: no
(34:33 / All) CombatBasktball: real talk
(34:37 / All) HIXUM: blacks captured blacks
(34:41 / All) CombatBasktball: the jew is a deceiver
(34:53 / All) HIXUM: and sold them to whites and anybody else
(34:55 / All) CombatBasktball: thats a totally different thing
(34:58 / All) CombatBasktball: what u did was inhuman
(35:00 / All) HIXUM: no
(35:04 / All) CombatBasktball: what u did was inhuman, jew
(35:12 / All) HIXUM: you sold your own people
(35:12 / All) CombatBasktball: the jew is an enemy to all
(35:27 / All) CombatBasktball: thats like saying whites enslaved whties because of serfs
(35:31 / All) HIXUM: the jew is the chosen people of GOD
(35:32 / All) CombatBasktball: waht u did was inhuman
(35:36 / All) CombatBasktball: the jew is an enemy to all
(35:48 / All) CombatBasktball: UHURU
(35:54 / All) HIXUM: you had better read that word
(35:59 / All) HIXUM: and repent
(36:06 / All) CombatBasktball: i dont worship no jews u can fuck off with that u slow fat doughboy jew
(36:29 / All) HIXUM: jesus carried your sins to
(36:38 / All) HIXUM: took them to calvary
(36:42 / All) CombatBasktball: the jew is a born deceiver
(36:45 / All) CombatBasktball: its all in the talmud
(36:49 / All) CombatBasktball: the jew is an enemy to all
(36:50 / All) HIXUM: covered them in his blood
(37:07 / All) CombatBasktball: blacks are real hebrews the so called jews are khazars
(37:22 / All) HIXUM: you have no idea what you are talking about
(37:28 / All) HIXUM: those are lies
(37:50 / All) HIXUM: its black supremest propaganda
(38:20 / All) HIXUM: look man i dont want you to die and burn in hell
(38:29 / All) HIXUM: you need to repent
(38:35 / All) CombatBasktball: the so called jews are khazars
(38:39 / All) CombatBasktball: blacks are the real hebrews
(38:41 / All) CombatBasktball: UHURU
(38:45 / All) HIXUM: no
(39:03 / All) HIXUM: blacks are decended from ham noahs son
(39:04 / All) CombatBasktball: the so called jews are taught to deceive gentiles and teach that we are no different than cattle
(39:10 / All) CombatBasktball: blacks are the real hebrews
(39:11 / All) HIXUM: wtf
(39:19 / All) HIXUM: are you n that leen
(39:27 / All) HIXUM: you are talking crazy
(39:27 / All) CombatBasktball: the so called jews are enemy to all
(39:32 / All) HIXUM: no
(39:37 / All) CombatBasktball: its all in the talmud, kyke
(39:40 / All) HIXUM: thats wrong
(39:53 / All) HIXUM: you have been lied to
(39:57 / All) CombatBasktball: in the talmud they teach that jesus christ, a black man, burns in hot excrement in hell
(40:03 / All) CombatBasktball: u r lying jew
(40:04 / All) HIXUM: and you have believed this lie
(40:05 / All) CombatBasktball: i am woke
(40:07 / All) CombatBasktball: u cannot deceive me
(40:23 / All) CombatBasktball: jesus christ was a black man like beethoven
(40:28 / All) HIXUM: and it will cost you
(40:41 / All) HIXUM: beethoven was german
(40:47 / All) CombatBasktball: beethoven was a moor, a black man
(40:49 / All) HIXUM: he was white
(40:54 / All) HIXUM: wow
(41:02 / All) CombatBasktball: i told u i am woke
(41:03 / All) HIXUM: you are dumber and dumbere
(41:13 / All) HIXUM: you are sleep
(41:21 / All) CombatBasktball: the so called jews are born deceivers
(41:22 / All) HIXUM: in a fantasy world
(41:34 / All) HIXUM: they are gods chosen people
(41:35 / All) CombatBasktball: the so called jew is an enemy to all THATS RIGHT
(41:48 / All) HIXUM: wow so stupid
(42:25 / All) CombatBasktball: the so called jew is a christ killer
(42:28 / All) HIXUM: i will pray that you dont go to hell and you find salvation my confused friend
(42:36 / All) CombatBasktball: they broke the covenant with god